Match 41170277
Unlisted
Match 41170277
End
Scout Squad
Construct Barracks
1⁄4-ton 4x4 Truck
Engineer Squad
Riflemen Squad
Grenade Package
Riflemen Squad
Construct Medical Station
Riflemen Squad
Riflemen Squad
Infantry Support Center
Construct Motor Pool
M24 Chaffee Light Tank
Selects Armored Battlegroup
Selects Veteran Crews
Selects Field Repairs
Selects War Machine
M24 Chaffee Light Tank
M24 Chaffee Light Tank
M1918 Browning Automatic Rifles
Riflemen Squad
Selects Strength in Steel
Selects Seek and Destroy
Field Repairs
Construct Tank Depot
Selects UNKNOWN (2160077)
M4A1 Sherman Medium Tank
M4A1 Sherman Medium Tank
Munitions Surplus
JEFG
桂妮薇尔
0
0
Comments sign in to comment!
No comments posted yet!